AoeStats
← MatiGyEJ

Lombardia

510188343Analyzed
2v2 RM · 3d ago on Sep 29, 2026· 12m 54s· 4 players
Game mode
Random Map
Map size
Medium (4 player)
Population
200
Speed
Normal
Resources
Standard
Victory
Conquest
Starting age
Dark Age
Ending age
Imperial Age
RankedLock teamsTeams togetherTeam positionsShared explorationLock speedFull tech treeHidden civsTurbo modeCheats
Victory
Defeat
🇦🇷 Maya · Argentina
655
+14
🇦🇷 Khmer · Argentina
644
+15
🇮🇹 Jurchens · Italy
686
-17
🇬🇧 Teutons · United Kingdom
547
-12
Hanson
1:39 Loom
10:52 Feudal Age
13:05 Double-Bit Axe
13:04 Horse Collar
MatiGyEJ
0:31 Loom
9:41 Feudal Age
draisressalent
PersianStallion
9:57 Feudal Age
11:29 Double-Bit Axe
Connection lost

Rejoining the realm…

Still unreachable

The connection could not be restored.

Session expired

The server has moved on; the page needs a fresh start.